 Dungeon Crawl Stone Soup version 0.29-a0-823-gc37b1572da (webtiles) character file.

Game seed: 10477052392520072821

191 zeratav the Stinger (level 5, -6/31 HPs)
             Began as an Octopode Venom Mage on July 8, 2022.
             Killed by nerve-wracking pain
             ... invoked by Grinder
              (11 damage)
             ... on level 3 of the Dungeon.
             The game lasted 00:07:25 (4850 turns).

zeratav the Stinger (Octopode Venom Mage)           Turns: 4850, Time: 00:07:26

Health: -6/31      AC:  1    Str:  8    XL:     5   Next: 70%
Magic:  0/8        EV: 13    Int: 19    God:
Gold:   93         SH:  0    Dex: 12    Spells: 5/8 levels left

rFire   + + .      SeeInvis .   b - +0 sling
rCold   . . .      Faith    .   (no shield)
rNeg    . . .      Spirit   .   (helmet restricted)
rPois   .          Reflect  .   (no amulet)
rElec   .          Harm     .   i - ring of protection from fire
rCorr   .          Rampage  .   q - ring of protection from fire
Will    .....                   (no ring)
Stlth   ++++......              (no ring)
HPRegen 0.10/turn               (no ring)
MPRegen 0.11/turn               (no ring)
                                (no ring)
                                (no ring)

@: no status effects
A: almost no armour, amphibious, 8 rings, camouflage 1, gelatinous body 1,
(nimble swimmer 1), tentacles
a: no special abilities


You were on level 3 of the Dungeon.
You visited 1 branch of the dungeon, and saw 3 of its levels.

You collected 93 gold pieces.


Innate Abilities, Weirdness & Mutations

You cannot wear most types of armour.
You are amphibious.
You can wear up to eight rings at the same time.
Your skin changes colour to match your surroundings (Stealth+).
Your rubbery body absorbs attacks. (AC +1, EV +1)
((You are camouflaged when in or above water. (Stealth+)))
You have tentacles for arms and can constrict up to eight enemies at once.


   Skills:
 - Level 2.0 Dodging
 - Level 5.0 Stealth
 - Level 2.0 Spellcasting
 - Level 1.0 Transmutations
 + Level 6.5 Poison Magic


You had 5 spell levels left.
You knew the following spells:

 Your Spells              Type           Power      Damage    Failure   Level
a - Sting                 Tmut/Pois      64%        1d6       3%          1
b - Poisonous Vapours     Pois/Air       28%        N/A       7%          2

Your spell library contained the following spells:

 Spells                   Type           Power      Damage    Failure   Level
 Olgreb's Toxic Radiance  Pois           26%        N/A       12%         4
 Mephitic Cloud           Conj/Pois/Air  10%        N/A       21%         3

Inventory:

Hand Weapons
 b - a +0 sling (weapon)
   (You found it on level 1 of the Dungeon)
 l - a +0 mace {mace}
   (You found it on level 2 of the Dungeon)
Jewellery
 i - a ring of protection from fire (left tentacle)
   (You found it on level 2 of the Dungeon)
 q - a ring of protection from fire (right tentacle)
   (You found it on level 3 of the Dungeon)
Scrolls
 a - a scroll of fear {unknown}
 f - 3 scrolls of identify {unknown}
 h - a scroll of teleportation {unknown}
 j - a scroll of poison {unknown}
 n - a scroll of noise {unknown}
 o - a scroll of enchant armour {unknown}
 p - a scroll of magic mapping {unknown}
Potions
 c - 6 potions of curing {@q1}
 d - a potion of flight {unknown}
 e - a potion of berserk rage {unknown}
 g - a potion of heal wounds {unknown}
 k - a potion of magic
 m - a potion of mutation {unknown}

Dungeon Overview and Level Annotations

Branches:
Dungeon (3/15) Zot: 12813

Altars:
Trog
Yredelemnul

Shops:
D:1 (   D:2 :

Annotations:
D:1 2 transporters
D:3 Grinder

#.####### #.# #.# ###. #.#
#######.# #.# #... ##.#
#.......# #.# #.## #..#
#.#########.# #.# #.## #.#
#...# #)# #.# #.# #.###
#.# #.# ##.### #.# ##.##
#.# #....# #.# #.... #.#
#.@#.#####.####..## #.#
#.5#......)......# #.#
#..#######.#####.# #.#
#..# #.# #.# #.######..#
#.# #.# #.........# #.#
#.# #..#####.## ###.# #.#
#........######...#####.##
##.####...#...#.#.........


You could see Grinder (extremely poisoned).


Message History

You suddenly lose the ability to move!
Grinder gestures at you.
You shrug off the repeated paralysis!
Grinder gestures at you. Pain shoots through your body!
You can move again.
HP[-9]
You take 9 damage, and now have 22/31 hp.
MASSIVE DAMAGE!! (PAUSE)
Aiming: Sting (safe; 3% risk of failure)
Press: ? - help, Q - select action, (/) - cycle Shift-Dir - straight line, f - you
Okay, then.
Fire: b) +0 sling
Press: ? - help, Shift-Dir - straight line, f - Grinder
Aim: Grinder (47% to hit)
You shoot a sling bullet. The sling bullet hits Grinder.
Fire: b) +0 sling
Press: ? - help, Shift-Dir - straight line, f/p - Grinder
Aim: Grinder (lightly wounded, 47% to hit)
You shoot a sling bullet. The sling bullet hits Grinder.
Casting: Sting (safe; 3% risk of failure)
Confirm with . or Enter, or press ? or * to list all spells.
Aiming: Sting (safe; 3% risk of failure)
Press: ? - help, Shift-Dir - straight line, f/p - Grinder
Aim: Grinder (moderately wounded, 71% to hit)
The sting hits Grinder but does no damage.
Grinder is poisoned.
Grinder gestures at you. You resist with significant effort.
MP[-1]
You lost 1 mp, and now have 7/8 mp.
Casting: Sting (safe; 3% risk of failure)
Confirm with . or Enter, or press ? or * to list all spells.
Aiming: Sting (safe; 3% risk of failure)
Press: ? - help, Shift-Dir - straight line, f/p - Grinder
Aim: Grinder (moderately wounded, poisoned, 71% to hit)
The sting hits Grinder.
Grinder looks even sicker.
MP[-1]
You lost 1 mp, and now have 6/8 mp.
Casting: Sting (safe; 3% risk of failure)
Confirm with . or Enter, or press ? or * to list all spells.
Aiming: Sting (safe; 3% risk of failure)
Press: ? - help, Shift-Dir - straight line, f/p - Grinder
Aim: Grinder (moderately wounded, very poisoned, 71% to hit)
The sting hits Grinder.
Grinder partially resists.
HP[+1] MP[-1]
You lost 1 mp, and now have 5/8 mp.
Casting: Sting (safe; 3% risk of failure)
Confirm with . or Enter, or press ? or * to list all spells.
Aiming: Sting (safe; 3% risk of failure)
Press: ? - help, Shift-Dir - straight line, f/p - Grinder
Aim: Grinder (moderately wounded, very poisoned, 71% to hit)
The sting hits Grinder.
Grinder partially resists.
Grinder closely misses you.
MP[-1]
You lost 1 mp, and now have 4/8 mp.
Casting: Sting (safe; 3% risk of failure)
Confirm with . or Enter, or press ? or * to list all spells.
Aiming: Sting (safe; 3% risk of failure)
Press: ? - help, Shift-Dir - straight line, f/p - Grinder
Aim: Grinder (moderately wounded, very poisoned, 71% to hit)
The sting hits Grinder.
Grinder looks even sicker.
Grinder hits you but does no damage.
MP[-1]
You lost 1 mp, and now have 3/8 mp.
Casting: Sting (safe; 3% risk of failure)
Confirm with . or Enter, or press ? or * to list all spells.
Aiming: Sting (safe; 3% risk of failure)
Press: ? - help, Shift-Dir - straight line, f/p - Grinder
Aim: Grinder (heavily wounded, very poisoned, 71% to hit)
The sting hits Grinder.
Grinder partially resists.
Grinder looks as sick as possible!
Grinder hits you!
You writhe in agony.
* * * LOW HITPOINT WARNING * * *
HP[-8] MP[-1]
You take 8 damage, and now have 15/31 hp.
MASSIVE DAMAGE!! (PAUSE)
You lost 1 mp, and now have 2/8 mp.
Casting: Sting (safe; 3% risk of failure)
Confirm with . or Enter, or press ? or * to list all spells.
Aiming: Sting (safe; 3% risk of failure)
Press: ? - help, Shift-Dir - straight line, f/p - Grinder
Aim: Grinder (severely wounded, extremely poisoned, 71% to hit)
The sting hits Grinder but does no damage.
Grinder looks as sick as possible!
Grinder says, "Mostly I couldn't keep them alive."
Grinder hits you!
* * * LOW HITPOINT WARNING * * *
HP[-10] MP[-1]
You take 10 damage, and now have 5/31 hp.
MASSIVE DAMAGE!! (PAUSE)
You lost 1 mp, and now have 1/8 mp.
Casting: Sting (safe; 3% risk of failure)
Confirm with . or Enter, or press ? or * to list all spells.
Aiming: Sting (safe; 3% risk of failure)
Press: ? - help, Shift-Dir - straight line, f/p - Grinder
Aim: Grinder (severely wounded, extremely poisoned, 71% to hit)
The sting hits Grinder.
Grinder partially resists.
Grinder looks as sick as possible!
Grinder gestures at you. Pain shoots through your body!
You die...

Skill      XL: |  1  2  3  4  5 |
---------------+----------------+-----
Stealth        | 3 4 5 |  5.0
Poison Magic   | 4 5 6 |  6.5
Dodging        | |  2.0
Spellcasting   | |  2.0
Transmutations | |  1.0

Action                   |  1- 3 |  4- 6 || total
-------------------------+-------+-------++-------
Melee: Mace              |       |   509 ||   509
       Tentacles         |       |   203 ||   203
       Punch             |       |     9 ||     9
       Sling             |       |     2 ||     2
       Constrict         |       |     2 ||     2
 Fire: Sling             |    44 |   276 ||   320
 Cast: Sting             |    22 |    41 ||    63
       Poisonous Vapours |       |     7 ||     7
  Use: Potion            |       |     2 ||     2
Armor: Skin              |     2 |     8 ||    10
Dodge: Dodged            |    27 |    41 ||    68

Levels and vault maps discovered:
D:1:      spicycebolla_arrival_transporter_tutorial, layout_rooms, serial_shops,
          nicolae_square_shop, serial_park_tiny_1,
          minmay_misc_feat_four_crosses, minmay_heptomino_d4
D:2:      layout_rooms, basic_altar, serial_shops, shop_statue, serial_forest,
          infiniplex_forest_straight_2, infiniplex_forest_side_room,
          infiniplex_forest_clump_small, infiniplex_forest_end_3,
          infiniplex_forest_lined_room_2, infiniplex_forest_end_2,
          infiniplex_forest_zigzag_2, infiniplex_forest_pool,
          infiniplex_forest_lined_ring, shapermc_ecumenical_altar_gd,
          hangedman_decor_clover_reticule, st_stairs_10, uniq_natasha
D:3:      layout_loops_ring, trog_wizard, nicolae_figureground_pulse,
          uniq_jessica, uniq_grinder

Notes
Turn   | Place    | Note
-------+----------+-------------------------------------------
     0 | D:1      | zeratav the Octopode Venom Mage began the quest for the
                  | Orb.
     0 | D:1      | Reached XP level 1. HP: 11/11 MP: 3/3
     0 | D:1      | magus.rc [v1.9.6]
   191 | D:1      | Reached skill level 3 in Stealth
   431 | D:1      | Reached XP level 2. HP: 17/17 MP: 5/5
   432 | D:1      | Found Wisul's Weapon Emporium.
   457 | D:1      | Reached skill level 4 in Poison Magic
   505 | D:1      | HP: 1/17 [gnoll/+0 club (7)]
   766 | D:1      | Reached XP level 3. HP: 17/21 MP: 3/6
   950 | D:1      | Reached skill level 4 in Stealth
  1282 | D:2      | Found Fetigh's Book Shoppe.
  1290 | D:2      | Noticed Natasha
  1301 | D:2      | Killed Natasha
  1302 | D:2      | Reached XP level 4. HP: 8/27 MP: 0/7
  1302 | D:2      | HP: 6/27 [giant cockroach (2)]
  1553 | D:2      | Found a basalt altar of Yredelemnul.
  1784 | D:2      | Noticed Natasha
  1792 | D:2      | Learned a level 2 spell: Poisonous Vapours
  2143 | D:2      | Killed Natasha
  2144 | D:2      | Reached skill level 5 in Stealth
  2144 | D:2      | Reached skill level 5 in Poison Magic
  2151 | D:2      | Noticed Natasha
  2159 | D:2      | Killed Natasha
  2160 | D:2      | Reached XP level 5. HP: 24/31 MP: 0/8
  2413 | D:2      | Found a faded altar of an unknown god.
  4064 | D:3      | Reached skill level 6 in Poison Magic
  4147 | D:3      | Noticed Grinder
  4668 | D:3      | Noticed Jessica
  4674 | D:3      | Killed Jessica
  4747 | D:3      | Found a bloodstained altar of Trog.
  4836 | D:3      | Paralysed by Grinder for 5 turns
  4849 | D:3      | HP: 5/31 [Grinder (10)]
  4850 | D:3      | Killed from afar by Grinder

Vanquished Creatures
  Jessica (D:3)
  Natasha (thrice) (D:2)
  A gnoll (D:1)
  4 adders
  A worm (D:2)
  2 endoplasms
  3 giant cockroaches
  8 goblins
  3 hobgoblins
  2 jackals (D:2)
  5 kobolds
  3 quokkas
  3 ball pythons
  5 bats
  A frilled lizard (D:1)
  6 bushes (D:2)
51 creatures vanquished.

Vanquished Creatures (others)
  4 plants (D:2)
4 creatures vanquished.

Grand Total: 55 creatures vanquished

Table legend:
 A = Non-vault XP
 B = Vault XP
 C = Vault XP percentage of total XP
 D = Non-vault monster count
 E = Vault monster count
 F = Vault count percentage of total count
                 A         B        C        D         E       F
            +---------+---------+-------+---------+---------+-------
      Total |     191 |      82 |  30.0 |      37 |       8 |  17.8
            +---------+---------+-------+---------+---------+-------
        D:1 |      32 |       7 |  17.9 |      12 |       4 |  25.0
        D:2 |     104 |      38 |  26.8 |      12 |       3 |  20.0
        D:3 |      55 |      37 |  40.2 |      13 |       1 |   7.1
            +---------+---------+-------+---------+---------+-------

Illustrated notes

Table legend:
 A = Kills in this place as a percentage of kills in entire the game.
 B = Kills by you in this place as a percentage of kills by you in the entire game.
 C = Kills by friends in this place as a percentage of kills by friends in the entire game.
 D = Other kills in this place as a percentage of other kills in the entire game.
 E = Experience gained in this place as a percentage of experience gained in the entire game.
 F = Experience gained in this place divided by the number of levels of this place that you have seen.
                   A       B       C       D       E      F
               +-------+-------+-------+-------+-------+----------------------
         Total | 100.0 | 100.0 |   N/A |   N/A | 100.0 |  91.0
       Dungeon | 100.0 | 100.0 |   N/A |   N/A | 100.0 |  91.0
               +-------+-------+-------+-------+-------+----------------------

Table legend: (Time is in decaauts)
 A = Elapsed time spent in this place.
 B = Non-inter-level travel time spent in this place.
 C = Inter-level travel time spent in this place.
 D = Time resting spent in this place.
 E = Time spent auto-exploring this place.
 F = Levels seen in this place.
 G = Mean time per level.
                   A        B        C        D        E       F      G
               +--------+--------+--------+--------+--------+-----+--------+
         Total |   5186 |   4953 |    233 |    934 |   2419 |   3 | 1728.7 |
       Dungeon |   5186 |   4953 |    233 |    934 |   2419 |   3 | 1728.7 |
               +--------+--------+--------+--------+--------+-----+--------+

Top non-repeatable levels by time:
     D:2: 2801 daAuts
     D:1: 1369 daAuts
     D:3: 1015 daAuts
